 Dungeon Crawl Stone Soup version 0.23.0 (webtiles) character file.

Game seed: 4813498660906557055

73397 Morgius the Grappler (level 15, 0/152 HPs)
             Began as a Troll Berserker on Feb 16, 2019.
             Was the Champion of Trog.
             Slain by an orc sorcerer
             ... wielding a +0 dagger
              (3 damage)
             ... while paralysed by an orc sorcerer
             ... on level 1 of the Orcish Mines.
             The game lasted 00:45:55 (17700 turns).

Morgius the Grappler (Troll Berserker)             Turns: 17700, Time: 00:45:56

Health: 0/152      AC: 21    Str: 35    XL:     15   Next: 3%
Magic:  14/14      EV:  1    Int:  6    God:    Trog [******]
Gold:   1893       SH:  0    Dex:  9    Spells: 14/14 levels left

rFire    + + .     SeeInvis +     - Unarmed
rCold    . . .     Gourm    +   Q - +0 shield {rN+}
rNeg     + . .     Faith    .   H - +0 fire dragon scales
rPois    +         Spirit   .   z - +2 hat
rElec    +         Reflect  +   p - +2 cloak {rPois}
rCorr    .         Harm     .   (gloves unavailable)
MR       +....                  (boots unavailable)
Stlth    ..........             h - +5 amulet of reflection
HPRegen  0.75/turn              i - ring of Light {rElec rPois Str+2 SInv}
MPRegen  0.14/turn              v - ring of protection from cold

@: paralysed, lightly drained
A: large, unfitting armour, claws 3, slimy green scales 1, clever 1, fast
metabolism 3, gourmand, regeneration 1, shaggy fur 1, tough skin 3
a: Berserk, Trog's Hand, Brothers in Arms, Renounce Religion


You were on level 1 of the Orcish Mines.
You worshipped Trog.
Trog was exalted by your worship.
You were not hungry.

You visited 3 branches of the dungeon, and saw 21 of its levels.
You also visited: Ossuary and Gauntlet.

You collected 2281 gold pieces.
You spent 388 gold pieces at shops.

Inventory:

Hand Weapons
 l - a +0 blowgun
 N - a +0 giant spiked club
Missiles
 f - 78 poisoned needles
 t - 5 javelins of returning (quivered)
 K - 5 needles of confusion
 O - 13 silver javelins
 U - 5 tomahawks of dispersal
 Y - 6 javelins
Armour
 p - a +2 cloak of poison resistance (worn)
 z - a +2 hat (worn)
 G - a +1 robe of cold resistance
 H - +0 fire dragon scales (worn)
 Q - a +0 shield of positive energy (worn)
 X - +0 swamp dragon scales
Jewellery
 h - a +5 amulet of reflection (around neck)
 i - the ring of Light (left claw) {rElec rPois Str+2 SInv}
   (You bought it in a shop on level 8 of the Dungeon)

   [ring of strength]

   It affects your strength (+2).
   It insulates you from electricity.
   It protects you from poison.
   It lets you see invisible.
 r - an uncursed ring of positive energy
 v - a ring of protection from cold (right claw)
 L - the ring "Zagiy" {rPois Slay+2}
   (You found it in a Gauntlet)

   [ring of poison resistance]

   It affects your accuracy and damage with ranged weapons and melee attacks
   (+2).
   It protects you from poison.
 M - an uncursed ring of resist corrosion
 R - an uncursed ring of see invisible
 W - an uncursed ring of poison resistance {unknown}
Wands
 n - a wand of enslavement (7)
 s - a wand of flame (20)
 x - a wand of digging (8)
 B - a wand of acid (17)
 F - a wand of polymorph (5)
 I - a wand of paralysis (31)
 S - a wand of iceblast (14)
Scrolls
 a - 2 scrolls of enchant armour
 c - 13 scrolls of remove curse
 m - 6 scrolls of teleportation
 q - 6 scrolls of immolation
 w - a scroll of brand weapon
 A - 7 scrolls of identify
 E - a scroll of summoning
 J - a scroll of fear
 V - a scroll of silence
 Z - a scroll of random uselessness
Potions
 d - 8 potions of heal wounds
 e - 5 potions of curing
 g - 6 potions of haste
 j - 4 potions of resistance
 k - 2 potions of degeneration
 o - a potion of brilliance
 u - 2 potions of lignification
 C - 2 potions of cancellation
 D - 2 potions of flight
 T - 2 potions of might
Comestibles
 b - 51 rations


   Skills:
 + Level 10.8(10.4) Fighting
 + Level 7.8(7.5) Maces & Flails
 - Level 5.4(5.1) Throwing
 - Level 7.4(7.1) Armour
 - Level 2.5(2.2) Dodging
 * Level 11.4(11.0) Shields
 - Level 14.4(14.1) Unarmed Combat


You had 14 spell levels left.
You didn't know any spells.
Your spell library was empty.

Dungeon Overview and Level Annotations

Branches:
Dungeon (13/15)            Temple (0/1) D:7            Lair (6/6) D:11
 Shoals (0/4) Lair:4        Snake (0/4) Lair:4        Slime (0/5) Lair:5
    Orc (2/2) D:10            Elf (0/3) Orc:2        Vaults (0/5) D:13

Altars:
Xom
Yredelemnul
Zin
Jiyva

Shops:
D:4 %   D:8 =   D:10 *   D:11 }

Portals:
Trove: D:13 (give +2 storm dragon scales)

Annotations:
Lair:3 3 runed translucent doors, Sadonosm's ghost, journeyman DgSk


Innate Abilities, Weirdness & Mutations

You are too large for most types of armour.
You have claws for hands.
Your metabolism is lightning-fast.
You like to eat raw meat.
Your natural rate of healing is unusually fast.
You are covered in fur. (AC +1)
You have extremely tough skin. (AC +3)
You are partially covered in slimy green scales. (AC +2)
Your mind is acute. (Int +2)


Message History

The troll claws you. The troll claws you but does no damage.
The orc sorcerer hits you but does no damage.
The orc knight hits you with a +0 battleaxe.
The ogre hits you but does no damage. The troll bites you but does no damage.
The troll claws you but does no damage. The troll claws you.
The orc sorcerer hits you but does no damage.
The orc knight hits you but does no damage.
The troll bites you!
* * * LOW HITPOINT WARNING * * *
The troll claws you but does no damage. The troll claws you!
* * * LOW HITPOINT WARNING * * *
The ogre hits you with a +0 giant club!!
* * * LOW HITPOINT WARNING * * *
The orc sorcerer hits you but does no damage.
The troll bites you but does no damage. The troll claws you.
* * * LOW HITPOINT WARNING * * *
The troll claws you but does no damage.
The orc knight hits you but does no damage.
The orc sorcerer hits you with a +0 dagger.
You die...

## .......##...
##.....#..... #
#............
..#..........$.
...............
..............#
......OoT......
.......@o......
.......$.......
.....#.........
#... ##..#..#.#
### ####### #


You could see an orc knight, a troll, an orc sorcerer and an ogre.

Vanquished Creatures
  A stone giant (Orc:2)
  A minotaur (Gauntlet)
  Erolcha (D:12)
  5 hydras
  A catoblepas (Gauntlet)
  2 centaur warriors (D:13)
  4 two-headed ogres
  14 death yaks
  3 skeletal warriors (D:13)
  4 swamp dragons (Lair:3)
  2 necromancers (D:13)
  An ugly thing (D:11)
  2 orc sorcerers (Orc:2)
  2 manticores (D:13)
  Joseph (D:10)
  Maurice (D:8)
  4 black mambas
  A molten gargoyle (Gauntlet)
  2 centaur skeletons
  3 gargoyles
  21 spiny frogs
  5 komodo dragons
  A rime drake (Lair:6)
  4 trolls
  3 polar bears
  4 tyrant leeches
  20 blink frogs
  13 hippogriffs
  7 dream sheep (Lair:4)
  A vampire (D:13)
  A wraith (D:12)
  61 yaks
  3 wyverns
  3 basilisks
  2 hungry ghosts
  9 vampire mosquitoes
  4 wargs (Orc:2)
  Edmund (D:4)
  3 swamp worms (Gauntlet)
  17 water moccasins
  4 porcupines
  25 orc warriors
  2 sky beasts
  An eye of draining (D:13)
  An ice beast (D:8)
  2 necrophages
  4 black bears
  9 ogres
  3 phantoms
  6 wolves (Lair:1)
  3 centaurs
  11 crocodiles
  3 big kobolds
  22 bullfrogs
  A wyvern zombie (D:11)
  4 scorpions
  2 troll zombies (D:10)
  16 killer bees
  3 wights (D:13)
  4 electric eels
  6 howler monkeys
  5 crimson imps
  2 bullfrog zombies
  4 centaur zombies
  3 hounds
  Crazy Yiuf (D:3)
  15 orc priests
  4 jellies
  2 bullfrog skeletons
  9 iguanas
  36 orc wizards
  9 worker ants
  8 ogre zombies
  3 hound zombies
  3 hound skeletons
  8 mummies
  8 gnolls
  A howler monkey skeleton (D:5)
  12 adders
  8 shadow imps
  2 oozes
  An adder skeleton (D:8)
  7 adder zombies
  4 worms
  A dart slug (D:2)
  4 leopard geckos
  86 orcs
  5 bats
  9 giant cockroaches
  9 goblins
  4 hobgoblins
  4 jackals (D:2)
  4 quokkas
  7 frilled lizards
  A gnoll zombie (Ossuary)
  A goblin skeleton (D:10)
  6 goblin zombies
  A hobgoblin skeleton (D:10)
  11 hobgoblin zombies
  26 kobolds
  5 kobold zombies
  2 orc skeletons (D:10)
  8 orc zombies (D:10)
  2 quokka skeletons
  5 quokka zombies (Ossuary)
  4 rats (D:2)
  A rat zombie (Ossuary)
  3 fungi
  A plant (Lair:5)
735 creatures vanquished.

Vanquished Creatures (others)
  15 fungi
  51 plants
66 creatures vanquished.

Grand Total: 801 creatures vanquished

Notes
Turn   | Place    | Note
-------+----------+-------------------------------------------
     0 | D:1      | Morgius the Troll Berserker began the quest for the Orb.
     0 | D:1      | Reached XP level 1. HP: 22/22 MP: 0/0
   109 | D:1      | Reached XP level 2. HP: 29/29 MP: 1/1
   616 | D:2      | Reached XP level 3. HP: 36/36 MP: 2/2
   618 | D:2      | Reached skill level 4 in Unarmed Combat
   634 | D:2      | Reached ** piety under Trog
   634 | D:2      | Reached XP level 4. HP: 10/45 MP: 3/3
  1629 | D:3      | Found a runed translucent door.
  1630 | D:3      | Noticed Crazy Yiuf
  1635 | D:3      | Killed Crazy Yiuf
  1635 | D:3      | Reached skill level 5 in Unarmed Combat
  1635 | D:3      | Reached XP level 5. HP: 53/53 MP: 4/4
  1702 | D:3      | Found a glowing silver altar of Zin.
  2388 | D:4      | Found Areot's Food Emporium.
  2408 | D:4      | Reached *** piety under Trog
  2508 | D:4      | Noticed a hippogriff
  2509 | D:4      | Noticed Edmund
  2513 | D:4      | Killed a hippogriff
  2513 | D:4      | Reached skill level 6 in Unarmed Combat
  2513 | D:4      | Reached XP level 6. HP: 43/62 MP: 5/5
  2524 | D:4      | Killed Edmund
  2524 | D:4      | Reached XP level 7. HP: 30/70 MP: 6/6
  2690 | D:4      | Found a sand-covered staircase.
  2695 | Ossuary  | Entered an ossuary
  2748 | Ossuary  | Reached skill level 7 in Unarmed Combat
  3012 | Ossuary  | Reached **** piety under Trog
  3441 | D:5      | Entered Level 5 of the Dungeon
  3555 | D:5      | Reached skill level 5 in Fighting
  3555 | D:5      | Reached skill level 8 in Unarmed Combat
  3765 | D:5      | Reached XP level 8. HP: 80/80 MP: 7/7
  4108 | D:6      | Reached ***** piety under Trog
  4108 | D:6      | Reached skill level 9 in Unarmed Combat
  4486 | D:7      | Noticed a hippogriff
  4496 | D:7      | Killed a hippogriff
  4496 | D:7      | Reached skill level 10 in Unarmed Combat
  4582 | D:7      | Reached XP level 9. HP: 68/89 MP: 8/8
  4752 | D:7      | Found a staircase to the Ecumenical Temple.
  5166 | D:8      | Reached skill level 1 in Armour
  5315 | D:8      | Reached skill level 11 in Unarmed Combat
  5649 | D:8      | Gained mutation: You have a somewhat thin skeletal
                  | structure. (Dex +2, Stealth) [potion of mutation]
  5649 | D:8      | Gained mutation: Scrolls take you a little longer to read.
                  | [potion of mutation]
  5649 | D:8      | Gained mutation: You are resistant to hostile enchantments.
                  | (MR+) [potion of mutation]
  5764 | D:8      | Found Tesunylo's Jewellery Shop.
  5768 | D:8      | Bought the ring of Light {rElec rPois Str+2 SInv} for 388
                  | gold pieces
  5801 | D:8      | Noticed Maurice
  5810 | D:8      | Killed Maurice
  5858 | D:8      | Found a shimmering altar of Xom.
  5876 | D:8      | Found a shimmering altar of Xom.
  5876 | D:8      | Found a shimmering altar of Xom.
  5876 | D:8      | Found a shimmering altar of Xom.
  5876 | D:8      | Found a shimmering altar of Xom.
  5876 | D:8      | Found a shimmering altar of Xom.
  5877 | D:8      | Found a shimmering altar of Xom.
  6132 | D:9      | Reached XP level 10. HP: 102/102 MP: 9/9
  6365 | D:9      | Reached skill level 12 in Unarmed Combat
  6635 | D:10     | Entered Level 10 of the Dungeon
  6635 | D:10     | Found Imoi's Assorted Antiques.
  6666 | D:10     | Noticed Joseph
  6678 | D:10     | Killed Joseph
  6707 | D:10     | Received a gift from Trog
  6802 | D:10     | Reached ****** piety under Trog
  6868 | D:10     | Found a staircase to the Orcish Mines.
  6949 | D:10     | Reached skill level 1 in Maces & Flails
  7655 | D:11     | Noticed a purple ugly thing
  7664 | D:11     | Killed a purple ugly thing
  7664 | D:11     | Reached XP level 11. HP: 111/111 MP: 10/10
  7668 | D:11     | Received a gift from Trog
  7801 | D:11     | Found Uked's Gadget Boutique.
  7894 | D:11     | Reached skill level 13 in Unarmed Combat
  8152 | D:11     | Reached skill level 5 in Armour
  8154 | D:11     | Found a staircase to the Lair.
  8839 | D:12     | Reached skill level 1 in Throwing
  8864 | D:12     | Noticed Erolcha
  8879 | D:12     | Killed Erolcha
  8995 | D:12     | Received a gift from Trog
  9055 | D:12     | Noticed a two-headed ogre
  9060 | D:12     | Killed a two-headed ogre
  9110 | D:12     | Noticed a two-headed ogre
  9119 | D:12     | Killed a two-headed ogre
  9248 | D:13     | Noticed a centaur warrior
  9351 | D:13     | Reached XP level 12. HP: 89/123 MP: 11/11
  9353 | D:13     | Killed a centaur warrior
  9382 | D:13     | Noticed a centaur warrior
  9422 | D:13     | Killed a centaur warrior
  9619 | D:13     | Reached skill level 5 in Maces & Flails
  9624 | D:13     | Noticed a two-headed ogre
  9648 | D:13     | Killed a two-headed ogre
  9657 | D:13     | Reached skill level 14 in Unarmed Combat
  9804 | D:13     | Found a portal to a secret trove of treasure.
  9857 | D:13     | Noticed a four-headed hydra
  9870 | D:13     | Killed a four-headed hydra
  9896 | D:13     | Found a gate to the Vaults.
  9896 | D:13     | Noticed a two-headed ogre
  9900 | D:13     | Killed a two-headed ogre
 10208 | Lair:1   | Entered Level 1 of the Lair of Beasts
 10346 | Lair:1   | Identified the Tome of Floating Bewitchment
 10800 | Lair:2   | Found a gate leading to a gauntlet.
 10813 | Lair:2   | Reached skill level 5 in Throwing
 10842 | Gauntlet | Entered a Gauntlet
 10842 | Gauntlet | Found a transporter.
 10851 | Gauntlet | Found a transporter.
 10853 | Gauntlet | Found a transporter.
 10853 | Gauntlet | Noticed a blizzard demon
 10854 | Gauntlet | Found a transporter.
 10857 | Gauntlet | Found a transporter.
 10858 | Gauntlet | Found a transporter.
 10867 | Gauntlet | Noticed a death scarab
 10869 | Gauntlet | Found a transporter.
 10871 | Gauntlet | Noticed a ghost crab
 10872 | Gauntlet | Found a transporter.
 10888 | Gauntlet | Found a transporter.
 10888 | Gauntlet | Noticed a catoblepas
 10907 | Gauntlet | Found a transporter.
 10916 | Gauntlet | Found a transporter.
 10924 | Gauntlet | Found a transporter.
 10943 | Gauntlet | Received a gift from Trog
 11111 | Gauntlet | Got a flickering ivory ring
 11116 | Gauntlet | Identified the cursed ring of Haekidd {EV-4 SInv} (You
                  | found it in a Gauntlet)
 11130 | Gauntlet | Killed a catoblepas
 11130 | Gauntlet | Reached XP level 13. HP: 121/133 MP: 12/12
 11156 | Gauntlet | Got a fine gossamer ring
 11186 | Gauntlet | Identified the ring "Zagiy" {rPois Slay+2} (You found it in
                  | a Gauntlet)
 11214 | Gauntlet | Identified the +3 war axe of Hospitality {venom, *Corrode
                  | +Rage Dex+10}
 11214 | Gauntlet | Noticed a minotaur
 11227 | Gauntlet | Killed a minotaur
 11252 | Gauntlet | Got a spiked ring mail
 11473 | Lair:2   | Reached skill level 1 in Shields
 12258 | Lair:3   | Found a transporter.
 12280 | Lair:3   | Found a transporter.
 12294 | Lair:3   | Reached skill level 5 in Shields
 12689 | Lair:3   | Found a runed translucent gate.
 12690 | Lair:3   | Found a runed translucent gate.
 12690 | Lair:3   | Found a runed translucent gate.
 12692 | Lair:3   | Noticed Sadonosm's ghost (journeyman DgSk)
 12693 | Lair:3   | Found a viscous altar of Jiyva.
 12914 | Lair:4   | Found a staircase to the Snake Pit.
 12976 | Lair:4   | Found a staircase to the Shoals.
 13908 | Lair:5   | Found a staircase to the Slime Pits.
 13910 | Lair:5   | Found a viscous altar of Jiyva.
 13953 | Lair:5   | Received a gift from Trog
 13984 | Lair:5   | Reached XP level 14. HP: 141/141 MP: 13/13
 14823 | Lair:6   | Entered Level 6 of the Lair of Beasts
 14844 | Lair:6   | Reached skill level 10 in Fighting
 14965 | Lair:6   | Reached skill level 10 in Shields
 15323 | Lair:6   | Received a gift from Trog
 15332 | Lair:6   | Got a bloodstained demon whip {god gift}
 15336 | Lair:6   | Identified the +6 demon whip of Satyriasis {venom, Int+3}
                  | (Trog gifted it to you on level 6 of the Lair of Beasts)
 15924 | Lair:6   | Found a basalt altar of Yredelemnul.
 16498 | Lair:5   | Lost mutation: You are resistant to hostile enchantments.
                  | (MR+) [potion of mutation]
 16498 | Lair:5   | Lost mutation: You have a somewhat thin skeletal structure.
                  | (Dex +2, Stealth) [potion of mutation]
 16498 | Lair:5   | Lost mutation: Scrolls take you a little longer to read.
                  | [potion of mutation]
 16498 | Lair:5   | Gained mutation: Your mind is acute. (Int +2) [potion of
                  | mutation]
 16498 | Lair:5   | Gained mutation: You are partially covered in slimy green
                  | scales. (AC +2) [potion of mutation]
 16660 | Orc:1    | Entered Level 1 of the Orcish Mines
 16733 | Orc:1    | Received a gift from Trog
 16981 | Orc:1    | Received a gift from Trog
 17178 | Orc:2    | Entered Level 2 of the Orcish Mines
 17182 | Orc:2    | Noticed a stone giant
 17198 | Orc:2    | Killed a stone giant
 17396 | Orc:2    | Reached XP level 15. HP: 152/152 MP: 14/14
 17411 | Orc:2    | Found a staircase to the Elven Halls.
 17631 | Orc:2    | Received a gift from Trog
 17695 | Orc:1    | Paralysed by an orc sorcerer for 7 turns
 17699 | Orc:1    | HP: 5/152 [ogre/+0 giant club (22)]
 17700 | Orc:1    | Slain by an orc sorcerer

Skill      XL: |  1  2  3  4  5  6  7  8  9 10 11 12 13 14 |
---------------+-------------------------------------------+-----
Unarmed Combat | 4 5 6 8 10 11 12 13 14 | 14.4
Fighting       | 3 4 5 6 7 8 9 10 | 10.8
Armour         | 2 4 6 7 |  7.4
Maces & Flails | 2 4 6 7 |  7.8
Throwing       | 2 5 |  5.4
Shields        | 8 11 | 11.4
Dodging        | |  2.5

Action                   |  1- 3 |  4- 6 |  7- 9 | 10-12 | 13-15 || total
-------------------------+-------+-------+-------+-------+-------++-------
Melee: Unarmed           |    59 |   145 |   345 |   614 |   978 ||  2141
       Punch             |       |     2 |    16 |    47 |     1 ||    66
Throw: Javelin           |       |       |       |     7 |    24 ||    31
Invok: Berserk           |       |       |       |       |     6 ||     6
Evoke: Wand              |       |       |       |     5 |     3 ||     8
  Use: Scroll            |       |       |    11 |     9 |     6 ||    26
       Potion            |       |       |    14 |       |     1 ||    15
 Stab: Sleeping          |       |       |     1 |       |       ||     1
  Eat: Chunk             |     1 |    21 |    35 |    57 |    60 ||   174
       Ration            |       |       |       |       |     1 ||     1
Armor: Animal skin       |    30 |    53 |    73 |       |       ||   156
       Fire dragon scale |       |       |    51 |   343 |   386 ||   780
Dodge: Dodged            |    38 |    61 |   111 |   242 |   226 ||   678
Block: Other             |       |       |       |   128 |     5 ||   133
       Reflection        |       |       |       |     4 |    15 ||    19
       Shield            |       |       |       |       |   809 ||   809
